Map: Écho EC

Players

AgCl - Winner!

  • Race: Protoss Protoss

MystrD

  • Race: Protoss Protoss

VOD

Have the link to the VOD?

Description

Time

  • Played on: May 9, 2015, 5:49 p.m.
  • Length: 12:24
Show
View Real Time Build Order
Export as new Build Order

AgCl Protoss - Winner!

Build Orders: Nexus First 

Get SALT Encoding   

  12  0:03  Probe  
  13  0:15  Probe  
  14  0:35  Pylon  
  14  0:53  Nexus  
  14  0:56  Probe  
  16  1:13  Gateway  
  16  1:15  Assimilator  
  15  1:22  Probe  
  16  1:34  Probe  
  17  1:47  Probe (Chrono Boost)  
  18  1:59  Probe (Chrono Boost), Pylon  
  19  2:08  Probe (Chrono Boost)  
  21  2:10  Probe (Chrono Boost)  
  21  2:20  Probe x2 (Chrono Boost)  
  23  2:25  Cybernetics Core  
  23  2:30  Probe (Chrono Boost)  
  23  2:31  Probe (Chrono Boost)  
  25  2:40  Probe (Chrono Boost)  
  25  2:41  Probe (Chrono Boost)  
  27  2:48  Probe (Chrono Boost)  
  27  2:49  Probe (Chrono Boost)  
  29  2:52  Assimilator  
  29  2:56  Probe x2 (Chrono Boost)  
  31  3:03  Warp Gate (Chrono Boost)  
  33  3:07  Gateway  
  33  3:08  Mothership Core (Chrono Boost)  
  33  3:09  Probe (Chrono Boost)  
  34  3:14  Forge  
  34  3:17  Pylon  
  34  3:21  Probe (Chrono Boost)  
  36  3:29  Probe x2 (Chrono Boost)  
  36  3:32  Robotics Facility  
  37  3:37  Probe  
  37  3:38  Probe  
  39  3:41  Assimilator  
  39  3:49  Probe  
  39  3:50  Probe  
  39  3:51  Photon Cannon  
  41  4:00  Gateway  
  41  4:02  Stalker, Probe  
  44  4:03  Probe  
  45  4:13  Pylon  
  45  4:14  Probe  
  45  4:15  Probe  
  47  4:19  Immortal (Chrono Boost)  
  51  4:26  Probe  
  51  4:30  Stargate  
  52  4:31  Probe  
  52  4:33  Pylon  
  52  4:38  Probe  
  54  4:44  Probe  
  55  4:50  Probe, Protoss Ground Weapons Level 1 (Chrono Boost)  
  53  5:02  Immortal  
  53  5:03  Sentry, Zealot  
  53  5:04  Zealot  
  62  5:13  Probe  
  63  5:14  Oracle (Chrono Boost)  
  63  5:17  Probe  
  67  5:28  Pylon  
  67  5:36  Photon Cannon  
  67  5:38  Gateway  
  67  5:39  Gateway  
  67  5:40  Gateway, Pylon  
  67  5:44  Assimilator  
  67  5:46  Twilight Council  
  67  5:49  Observer (Chrono Boost)  
  68  5:56  Probe (Chrono Boost)  
  70  6:02  Probe (Chrono Boost)  
  71  6:05  Probe (Chrono Boost)  
  71  6:11  Gateway  
  71  6:15  Nexus  
  71  6:16  Gateway x2  
  71  6:18  Pylon  
  71  6:27  Observer (Chrono Boost)  
  71  6:30  Phoenix  
  74  6:40  Pylon  
  74  6:45  Protoss Ground Weapons Level 2 (Chrono Boost)  
  74  6:47  Charge (Chrono Boost)  
  74  7:01  Protoss Air Weapons Level 1  
  74  7:13  Photon Cannon  
  74  7:15  Assimilator  
  74  7:18  Assimilator  
  74  7:21  Pylon  
  74  7:24  Fleet Beacon  
  74  7:34  Dark Shrine  
  74  7:37  Gateway  
  74  7:39  Gateway x2  
  74  7:45  Pylon  
  74  7:54  Pylon  
  74  8:04  Pylon  
  74  8:07  Photon Cannon  
  74  8:08  Pylon  
  74  8:21  Probe  
  72  8:39  Graviton Catapult (Chrono Boost)  
  72  8:50  Stargate x2  
  72  8:53  Pylon  
  72  8:58  Protoss Ground Weapons Level 3 (Chrono Boost)  
  72  9:05  Dark Templar x2  
  72  9:06  Dark Templar x2  
  72  9:08  Dark Templar  
  72  9:09  Dark Templar  
  84  9:19  Gateway, Carrier  
  84  9:20  Gateway  
  84  9:21  Gateway  
  84  9:23  Photon Cannon  
  84  9:25  Gateway  
  84  9:29  Photon Cannon  
  84  9:31  Pylon  
  84  9:33  Archon  
  84  9:34  Archon  
  84  9:35  Archon  
  90  9:51  Gateway  
  90  9:56  Gateway  
  72  10:30  Dark Templar x2  
  72  10:31  Dark Templar  
  72  10:32  Dark Templar x2  
  72  10:33  Dark Templar  
  72  10:35  Carrier (Chrono Boost)  
  84  10:36  Dark Templar x2  
  84  10:37  Dark Templar x2  
  98  11:00  Pylon  
  98  11:07  Probe (Chrono Boost)  
  98  11:08  Pylon  
  98  11:09  Pylon  
  101  11:13  Probe x2 (Chrono Boost)  
  101  11:20  Probe (Chrono Boost)  
  101  11:25  Archon x4  
  102  11:26  Archon  
  102  11:31  Nexus  
  102  11:34  Pylon  
  108  11:48  Pylon  
Show
View Real Time Build Order
Export as new Build Order

MystrD Protoss 

Build Orders:  

Get SALT Encoding   

  12  0:03  Probe  
  13  0:15  Probe  
  14  0:32  Pylon  
  14  0:39  Pylon  
  14  0:50  Probe  
  15  0:59  Assimilator  
  15  1:02  Probe  
  16  1:07  Gateway  
  16  1:15  Probe  
  17  1:27  Probe  
  18  1:36  Gateway x2  
  18  1:39  Probe  
  19  1:51  Probe  
  20  1:54  Forge  
  20  1:56  Pylon  
  20  1:59  Pylon  
  20  2:03  Zealot  
  21  2:22  Probe  
  21  2:28  Zealot  
  23  2:34  Probe  
  24  2:46  Probe  
  25  2:54  Cybernetics Core  
  25  2:56  Pylon  
  25  2:58  Probe  
  25  2:59  Pylon  
  26  3:08  Zealot  
  26  3:10  Probe  
  29  3:14  Zealot  
  31  3:20  Zealot  
  31  3:22  Probe  
  34  3:31  Warp Gate  
  34  3:35  Probe  
  35  3:47  Probe  
  36  3:55  Twilight Council  
  36  3:58  Pylon  
  36  3:59  Probe  
  36  4:01  Pylon  
  37  4:11  Probe  
  38  4:23  Probe  
  39  4:28  Gateway  
  39  4:38  Nexus  
  39  4:40  Pylon  
  39  4:42  Charge  
  29  5:15  Protoss Ground Weapons Level 1  
  29  5:18  Stalker x2  
  33  5:29  Assimilator  
  33  5:30  Probe  
  33  5:31  Assimilator  
  34  5:43  Probe  
  34  5:45  Assimilator  
  35  5:55  Probe x2  
  37  6:07  Probe  
  37  6:08  Probe  
  39  6:19  Probe  
  39  6:20  Probe  
  36  6:29  Stalker x3  
  36  6:30  Stalker  
  25  6:58  Probe  
  26  7:02  Stalker x4  
  26  7:06  Probe  
  35  7:10  Probe  
  36  7:18  Probe  
  36  7:22  Probe  
  38  7:30  Probe  
  38  7:34  Probe  
  40  7:37  Stalker  
  40  7:42  Probe  
  43  7:46  Probe  
  44  7:54  Probe  
  45  7:58  Probe  
  45  7:59  Blink  
  46  8:07  Probe  
  46  8:11  Probe  
  48  8:19  Probe  
  49  8:23  Probe  
  50  8:31  Probe  
  51  8:35  Probe  
  52  8:43  Mothership Core  
  52  8:46  Zealot x3  
  52  8:47  Probe, Zealot  
  63  8:59  Probe  
  64  9:04  Probe  
  65  9:11  Probe  
  66  9:19  Robotics Facility  
  66  9:23  Probe  
  67  9:26  Stargate  
  67  9:30  Pylon  
  67  9:32  Pylon  
  67  9:35  Probe  
  68  9:42  Zealot x3  
  68  9:43  Zealot  
  76  9:47  Probe  
  77  9:59  Probe  
  78  10:12  Probe  
  75  10:24  Probe  
  62  10:56  Zealot x2  
  62  10:57  Zealot x2  
  58  11:01  Immortal  
  64  11:05  Probe  
  64  11:11  Probe  
  66  11:18  Probe  
  67  11:23  Probe  
  67  11:24  Void Ray  
  72  11:30  Stalker x3, Probe  
  72  11:31  Stalker  
  81  11:35  Probe  
  82  11:40  Immortal, Gateway  
  82  11:42  Gateway  
  82  11:45  Gateway  
  86  11:50  Gateway  
  86  11:57  Probe  
  81  12:10  Probe  
Tags
 
Matchup
PvP
Add a new tag
Caveats
  • Supply blocks, unpowered buildings, or Contaminate may cause inaccurate times.
  • Supply counts are checked every 10 seconds.